 Dungeon Crawl Stone Soup version 0.30-a0-948-g4fa250aae5 (webtiles) character file.

Game seed: 9701549073026950825

5075 Iniera the Destroyer (level 10, -3/83 HPs)
             Began as a Demigod Conjurer on Mar 27, 2023.
             Killed by divine providence
             ... invoked by an orc priest
              (8 damage)
             ... on level 9 of the Dungeon.
             The game lasted 00:18:06 (9180 turns).

Iniera the Destroyer (Demigod Conjurer)             Turns: 9180, Time: 00:18:07

Health: -3/83      AC:  9    Str:  8    XL:     10   Next: 10%
Magic:  2/33       EV: 12    Int: 32    God:
Gold:   624        SH:  0    Dex: 12    Spells: 11/22 levels left

rFire   + . .      SeeInvis .    K - +3 dagger (elec)
rCold   + + .      Faith    .    (no shield)
rNeg    . . .      Spirit   .    v - +2 robe {rC+ rF+}
rPois   .          Reflect  .    q - +0 helmet
rElec   .          Rampage  .    j - +0 cloak
rCorr   .                        (no gloves)
Will    +....                    F - +2 pair of boots
Stlth   ++                       (no amulet)
HPRegen 0.33/turn                u - ring of magical power
MPRegen 0.23/turn                s - ring of protection from cold

@: no status effects
A: high MP 1, forlorn, divine attributes
a: no special abilities


You were on level 9 of the Dungeon.
You visited 1 branch of the dungeon, and saw 9 of its levels.
You also visited: Ossuary.

You collected 624 gold pieces.

Inventory:

Hand Weapons
 e - a +0 quarterstaff
 K - a +3 dagger of electrocution (weapon)
Missiles
 m - a throwing net
Armour
 j - a +0 cloak (worn)
 q - a +0 helmet (worn)
 v - a +2 robe of resistance (worn)
 F - a +2 pair of boots (worn)
Jewellery
 p - a ring of wizardry
 s - a ring of protection from cold (right hand)
 u - a ring of magical power (left hand)
Wands
 g - a wand of mindburst (28)
 h - a wand of light (6)
 o - a wand of roots (10)
 t - a wand of flame (39)
 I - a wand of paralysis (11)
Scrolls
 a - a scroll of brand weapon {unknown}
 d - a scroll of teleportation
 f - a scroll of enchant armour {unknown}
 i - a scroll of torment {unknown}
 r - a scroll of silence
 y - a scroll of fog
 D - a scroll of magic mapping {unknown}
 E - 2 scrolls of amnesia
 G - 2 scrolls of noise {unknown}
 H - a scroll of acquirement {unknown}
 J - a scroll of blinking {unknown}
 L - a scroll of identify
Potions
 b - 3 potions of magic
 c - 3 potions of might
 k - 4 potions of mutation
 l - 4 potions of heal wounds
 n - 3 potions of curing
 w - 3 potions of haste {unknown}
 x - a potion of cancellation {unknown}
 z - a potion of resistance {unknown}
 A - a potion of attraction {unknown}
 B - 2 potions of brilliance {unknown}
 C - 2 potions of ambrosia {unknown}


   Skills:
 + Level 5.6 Fighting
 - Level 1.7 Dodging
 - Level 1.7 Stealth
 + Level 6.9 Spellcasting
 + Level 9.4 Conjurations
 - Level 4.0 Hexes
 - Level 4.0 Translocations


You had 11 spell levels left.
You knew the following spells:

 Your Spells              Type           Power      Damage    Failure   Level
a - Magic Dart            Conj           100%       1d8       1%          1
b - Searing Ray           Conj           100%       2d8       1%          2
c - Fulminant Prism       Conj/Hex       26%        3d14      2%          4
d - Iskenderun's Mystic   Conj/Tloc      52%        2d11      2%          4

Your spell library contained the following spells:

 Spells                   Type           Power      Damage    Failure   Level
 Dazzling Flash           Conj/Hex       100%       N/A       1%          3
 Portal Projectile        Hex/Tloc       72%        N/A       2%          3
 Tukima's Dance           Hex            36%        N/A       2%          3
 Kindle Blastsparks       Fire/Tloc/Air  38%        2d13      8%          3
 Blade Hands              Tmut           5%         N/A       75%         5
 Lee's Rapid Deconstruct  Erth           5%         3d6*      75%         5


Dungeon Overview and Level Annotations

Branches:
Dungeon (9/15)             Temple (0/1) D:5         Ossuary (visited)
   Lair: D:8-11         Orc: D:9-12

Annotations:
D:4 3 runed translucent doors, FexLirch's ghost, amateur MeEE; Indoburn's ghost, amateur DsFi; NinjaNoafa's ghost, amateur DrCj; cforsyth's ghost, amateur FoFi; cforsyth's ghost, novice OgSu
D:6 3 runed translucent doors, ICEMaiden's ghost, novice GrEE
D:7 exclusion: statue
D:9 Erolcha


Innate Abilities, Weirdness & Mutations

You have an increased reservoir of magic. (+10% MP)
You shall have no god before yourself.
Your divine heritage dramatically boosts your attributes as you level up.


Message History

You kill the gnoll bouda!
The centaur shoots an arrow.
The arrow misses you.
The centaur shoots an arrow.
The arrow hits you.
Unknown command.
The centaur unwields a +0 shortbow.
The centaur hits you but does no damage.
The centaur misses you. Something hits you!!
Items here: )) [ ††.
Casting: Iskenderun's Mystic Blast (dangerous; 2% risk of failure)
Confirm with . or Enter, or press ? or * to list all spells.
You erupt in a blast of force!
The mystic blast hits something!
The mystic blast hits the centaur!!
You kill the centaur!
You hear an angry hiss.
A two-headed ogre comes into view. It is wielding two +0 giant clubs.
Unknown command.
You hit something.
A wyvern comes into view.
Something hits you!!
As you read the scroll of teleportation, it crumbles to dust.
You feel strangely unstable.
Unknown command.
An orc priest comes into view. It is wielding a +0 hand axe.
The orc priest shouts!
There is a stone staircase leading up here.
Something hits you!!
* * * LOW HITPOINT WARNING * * *
Your surroundings suddenly seem different.
Found a ring mail.
The two-headed ogre shouts in stereo!
Okay, then.
Casting: Iskenderun's Mystic Blast (dangerous; 2% risk of failure)
Confirm with . or Enter, or press ? or * to list all spells.
You erupt in a blast of force!
The mystic blast hits the two-headed ogre!
The two-headed ogre is moderately wounded.
The two-headed ogre is knocked back by the mystic blast.
The orc priest invokes the aid of Beogh against you.
Beogh smites you!
You die...

### #.......### #
#...........
#......######.#
#......'.......
#......######.####
###..........###...###
.............#E#...#E#
...#.#.#.########...######
##.###.#!@.O..............
. ..######o...._.....[#
########.............#
#........####...###..#
.........##E#...#E#
........o####...###
.............# +#.##
.......#####<## ..# [.....
####..# ...#


You could see a two-headed ogre and an orc priest.

Vanquished Creatures
  Pikel (D:4)
  Sigmund (D:2)
  5 yaks (D:9)
  A wyvern (D:8)
  Grum (D:9)
  2 steam dragons
  A sky beast (D:7)
  Duvessa (D:7)
  An orc warrior (D:8)
  2 ice beasts (D:7)
  A black bear (D:6)
  4 wolves (D:9)
  An ogre (D:7)
  A centaur (D:9)
  3 phantoms (D:5)
  2 lemures (D:4)
  An elf zombie (Ossuary)
  3 bullfrogs
  A kobold brigand (D:7)
  2 scorpions
  Dowan (D:7)
  4 killer bees (D:9)
  2 howler monkeys (D:8)
  2 gnoll boudas
  2 jellies
  Crazy Yiuf (D:2)
  5 orc priests
  3 hounds
  2 sleepcaps
  Ijyb (D:4)
  2 iguanas (D:5)
  9 orc wizards
  3 mummies (Ossuary)
  Robin (D:2)
  15 gnolls
  9 adders
  3 white imps
  An ufetubus (D:5)
  6 adder zombies (Ossuary)
  4 dart slugs
  22 orcs
  3 bats
  8 endoplasms
  4 giant cockroaches
  4 hobgoblins
  5 jackals
  A quokka (D:4)
  10 ball pythons
  3 frilled lizards
  A gnoll zombie (Ossuary)
  16 goblins
  2 goblin zombies (Ossuary)
  2 hobgoblin zombies (Ossuary)
  15 kobolds
  4 kobold zombies (Ossuary)
  An orc zombie (Ossuary)
  6 rats
  A rat zombie (Ossuary)
219 creatures vanquished.

Vanquished Creatures (others)
  34 fulminant prisms
  5 fungi (D:2)
  27 plants
66 creatures vanquished.

Grand Total: 285 creatures vanquished

Notes
Turn   | Place    | Note
-------+----------+-------------------------------------------
     0 | D:1      | Iniera the Demigod Conjurer began the quest for the Orb.
     0 | D:1      | Reached XP level 1. HP: 14/14 MP: 5/5
   236 | D:1      | Reached skill level 4 in Conjurations
   308 | D:1      | Reached XP level 2. HP: 16/20 MP: 7/7
   513 | D:1      | Learned a level 2 spell: Searing Ray
   977 | D:2      | Reached XP level 3. HP: 19/26 MP: 2/8
  1073 | D:2      | Noticed Sigmund
  1081 | D:2      | Killed Sigmund
  1082 | D:2      | Reached skill level 5 in Conjurations
  1082 | D:2      | Reached XP level 4. HP: 27/33 MP: 0/10
  1082 | D:2      | Reached XP level 5. HP: 32/38 MP: 0/12
  1110 | D:2      | Learned a level 4 spell: Fulminant Prism
  1273 | D:2      | Found a runed translucent door.
  1274 | D:2      | Noticed Crazy Yiuf
  1282 | D:2      | Killed Crazy Yiuf
  1419 | D:2      | You fall into a shaft and drop 2 floors!
  1666 | D:3      | Reached skill level 6 in Conjurations
  2009 | D:3      | Reached XP level 6. HP: 45/45 MP: 5/13
  2340 | D:3      | Learned a level 4 spell: Iskenderun's Mystic Blast
  2435 | D:2      | Reached skill level 1 in Translocations
  2549 | D:2      | Noticed Robin
  2554 | D:2      | Reached skill level 1 in Hexes
  2557 | D:2      | Killed Robin
  3146 | D:4      | Found a runed translucent gate.
  3146 | D:4      | Found a runed translucent gate.
  3146 | D:4      | Found a runed translucent gate.
  3146 | D:4      | Noticed cforsyth's ghost (novice OgSu)
  3147 | D:4      | Noticed NinjaNoafa's ghost (amateur DrCj)
  3155 | D:4      | Noticed FexLirch's ghost (amateur MeEE)
  3156 | D:4      | Noticed Indoburn's ghost (amateur DsFi)
  3156 | D:4      | Noticed cforsyth's ghost (amateur FoFi)
  3504 | D:4      | Noticed Pikel
  3510 | D:4      | HP: 3/67 [Pikel/bolt of light (5)]
  3516 | D:4      | Killed Pikel
  3517 | D:4      | Reached skill level 7 in Conjurations
  3517 | D:4      | Reached XP level 7. HP: 11/50 MP: 0/15
  4175 | D:4      | Noticed Ijyb
  4181 | D:4      | Killed Ijyb
  4315 | D:5      | Entered Level 5 of the Dungeon
  4584 | D:5      | Found a staircase to the Ecumenical Temple.
  4784 | D:5      | Reached XP level 8. HP: 48/57 MP: 17/17
  4813 | D:5      | Found a sand-covered staircase.
  4855 | Ossuary  | Entered an ossuary
  5505 | D:5      | Reached skill level 1 in Fighting
  6305 | D:6      | Found a runed translucent gate.
  6306 | D:6      | Found a runed translucent gate.
  6307 | D:6      | Found a runed translucent gate.
  6309 | D:6      | Noticed ICEMaiden's ghost (novice GrEE)
  6486 | D:7      | Reached skill level 5 in Spellcasting
  6639 | D:7      | Reached skill level 8 in Conjurations
  6791 | D:7      | Reached XP level 9. HP: 64/69 MP: 16/20
  7011 | D:7      | Noticed Duvessa
  7012 | D:7      | Noticed Dowan
  7022 | D:7      | Killed Duvessa
  7024 | D:7      | Killed Dowan
  8688 | D:9      | Noticed Grum
  8700 | D:9      | Reached skill level 9 in Conjurations
  8817 | D:9      | Reached skill level 5 in Fighting
  8818 | D:9      | Killed Grum
  8836 | D:9      | Reached XP level 10. HP: 33/81 MP: 5/24
  9143 | D:9      | Noticed Erolcha
  9163 | D:9      | Noticed a two-headed ogre
  9169 | D:9      | HP: 1/83 [something (26)]
  9180 | D:9      | Killed from afar by an orc priest

Illustrated notes

Levels and vault maps discovered:
D:1:      minmay_arrival_stone_box, layout_basic, minmay_misc_feat_x
D:2:      layout_basic, basic_altar, shapermc_ecumenical_altar_hornbeckon,
          minmay_statues_item, nicolae_concentric_dashed_squares_mild,
          uniq_sigmund, uniq_crazy_yiuf_cottage, uniq_robin
D:3:      layout_loops_ring, lightli_temple_of_fire, minivault_23,
          serial_bayou_lagoon_b
D:4:      layout_gridville, kennysheep_okawaru_gauntlet,
          gammafunk_ghost_cemetery, uniq_pikel, uniq_ijyb
D:5:      layout_basic, lemuel_doored_altar,
          minmay_temple_entry_statues_fountains, chequers_ossuary_entry_cave,
          portal_sewer_entry_d
D:6:      layout_rooms, mainiacjoe_overflow_alcove_2,
          mainiacjoe_overflow_tiny_flanked, gammafunk_ghost_necromancy
D:7:      layout_basic, mainiacjoe_overflow_surrounded_room, vehumet_statue,
          nicolae_fountain_basement, uniq_duvessa
D:8:      layout_basic, nicolae_nh_ransacked_shop
D:9:      layout_basic, nicolae_qazlal_style_of_elements, lemuel_round_altar,
          dpeg_oklobed_lair, serial_glass, glass_columns_a, glass_columns_b,
          wad_hexagon, uniq_erolcha, uniq_harold, uniq_grum

Skill      XL: |  1  2  3  4  5  6  7  8  9 |
---------------+----------------------------+-----
Conjurations   | 4 5 6 7 8 9 |  9.4
Spellcasting   | 2 3 4 5 6 |  6.9
Translocations | 2 3 4 |  4.0
Hexes          | 2 3 4 |  4.0
Fighting       | 3 5 |  5.6
Dodging        | |  1.7
Stealth        | |  1.7

Action                     |  1- 3 |  4- 6 |  7- 9 | 10-12 || total
---------------------------+-------+-------+-------+-------++-------
  Melee: Broad axe         |    35 |    62 |   101 |       ||   198
         Punch             |       |       |     1 |       ||     1
         Dagger            |       |       |    48 |     8 ||    56
   Cast: Magic Dart        |    26 |    53 |    98 |     4 ||   181
         Searing Ray       |     1 |    10 |    26 |     3 ||    40
         Fulminant Prism   |       |     9 |    18 |     7 ||    34
         Iskenderun's Myst |       |     1 |    26 |     4 ||    31
    Use: Scroll            |       |     3 |    10 |     1 ||    14
         Potion            |       |     2 |       |       ||     2
   Stab: Sleeping          |     2 |     1 |     2 |       ||     5
 Armour: Robe              |     5 |    29 |    86 |     4 ||   124
         Skin              |       |     3 |       |       ||     3
  Dodge: Dodged            |    30 |    53 |   146 |     2 ||   231

Table legend: (Time is in decaauts)
 A = Elapsed time spent in this place.
 B = Non-inter-level travel time spent in this place.
 C = Inter-level travel time spent in this place.
 D = Time resting spent in this place.
 E = Time spent auto-exploring this place.
 F = Levels seen in this place.
 G = Mean time per level.
                   A        B        C        D        E       F      G
               +--------+--------+--------+--------+--------+-----+--------+
         Total |   9329 |   9059 |    270 |    639 |   6876 |  10 |  932.9 |
       Dungeon |   8951 |   8681 |    270 |    513 |   6735 |   9 |  994.6 |
       Ossuary |    377 |    377 |      0 |    126 |    141 |   1 |  377.0 |
               +--------+--------+--------+--------+--------+-----+--------+

Top non-repeatable levels by time:
     D:4: 1389 daAuts
     D:8: 1126 daAuts
     D:5: 1107 daAuts
     D:2: 1062 daAuts
     D:3: 1006 daAuts
     D:7: 1003 daAuts
     D:1: 977 daAuts
     D:6: 725 daAuts
     D:9: 553 daAuts
 Ossuary: 377 daAuts
